 Dungeon Crawl Stone Soup version 0.23.0 (webtiles) character file.

Game seed: 3472777332115229449

765 LostNumber the Poker (level 8, -5/61 HPs)
             Began as a Formicid Skald on Feb 15, 2019.
             Slain by an ice beast (13 damage)
             ... on level 5 of the Dungeon.
             The game lasted 00:08:26 (3614 turns).

LostNumber the Poker (Formicid Skald)               Turns: 3614, Time: 00:08:27

Health: -5/61      AC:  3    Str: 22    XL:     8   Next: 8%
Magic:  3/12       EV: 12    Int: 19    God:
Gold:   186        SH:  0    Dex: 10    Spells: 3/12 levels left

rFire    . . .     SeeInvis +   v - +0 trident
rCold    . . .     Gourm    .   (no shield)
rNeg     . . .     Faith    .   b - +0 leather armour
rPois    .         Spirit   .   (helmet unavailable)
rElec    .         Reflect  .   (no cloak)
rCorr    .         Harm     .   (no gloves)
MR       .....                  (no boots)
Stlth    +.........             (no amulet)
HPRegen  0.20/turn              (no ring)
MPRegen  0.13/turn              (no ring)

@: mighty, brilliant, flying
A: permanent stasis, dig shafts and tunnels, four strong arms, antennae 3
a: Dig, Shaft Self


You were on level 5 of the Dungeon.
You were not hungry.

You visited 1 branch of the dungeon, and saw 5 of its levels.

You collected 186 gold pieces.

Inventory:

Hand Weapons
 a - a +0 spear
 v - a +0 trident (weapon)
   (You took it off an orc on level 3 of the Dungeon)
Armour
 b - a +0 leather armour (worn)
 q - a +0 cloak
   (You found it on level 3 of the Dungeon)
Jewellery
 k - an uncursed ring of protection from fire {unknown}
   (You found it on level 1 of the Dungeon)
 r - an uncursed ring of ice {unknown}
   (You found it on level 2 of the Dungeon)
 y - a +6 ring of strength {unknown}
   (You found it on level 4 of the Dungeon)
Scrolls
 c - 6 scrolls of identify {unknown}
 f - 3 scrolls of teleportation {unknown}
 g - 2 scrolls of immolation {unknown}
 h - a scroll of amnesia {unknown}
 i - 2 scrolls of magic mapping {unknown}
 l - a scroll of blinking {unknown}
 n - a scroll of noise {unknown}
 o - 2 scrolls of fear {unknown}
 s - 2 scrolls of remove curse {unknown}
Potions
 d - a potion of might
 m - a potion of curing {@q1}
 p - a potion of brilliance
 u - a potion of invisibility {unknown}
 w - a potion of degeneration {unknown}
Comestibles
 e - 6 rations {!d}


   Skills:
 + Level 4.9 Fighting
 * Level 6.0 Polearms
 - Level 1.1 Armour
 - Level 1.7 Dodging
 + Level 2.9 Spellcasting
 - Level 5.0 Charms


You had 3 spell levels left.
You knew the following spells:

 Your Spells              Type           Power        Failure   Level  Hunger
a - Infusion              Chrm           ####         1%          1    None
e - Regeneration          Chrm/Necr      ###.......   2%          3    ###....
q - Shroud of Golubria    Chrm/Tloc      ###.......   1%          2    ##.....
t - Spectral Weapon       Hex/Chrm       ###.....     2%          3    ###....

Your spell library contained the following spells:

 Spells                   Type           Power        Failure   Level  Hunger
 Song of Slaying          Chrm           ####....     1%          2    ##.....


Dungeon Overview and Level Annotations

Branches:
Dungeon (4/15)
 Temple: D:4-7

Altars:
Dithmenos
Wu Jian


Innate Abilities, Weirdness & Mutations

You cannot be hasted, slowed, berserked, paralysed or teleported.
You can dig through walls and to a lower floor.
Your four strong arms can wield two-handed weapons with a shield.
You have a pair of large antennae on your head. (SInv)


Message History

You kill the howler monkey!
You have reached level 8!
You feel clever.
Your skin crawls.
The scorpion stings you.
* * * LOW HITPOINT WARNING * * *
You are poisoned.
The scorpion poisons you!
You closely miss the scorpion.
You feel sick.
A bullfrog comes into view.
The scorpion closely misses you.
You hit the scorpion but do no damage.
You feel sick.
The scorpion stings you but does no damage.
You puncture the scorpion!
Your skin is crawling a little less now.
You feel sick. The bullfrog hits you.
* * * LOW HITPOINT WARNING * * *
The scorpion barely misses you.
You closely miss the scorpion.
You feel sick. The bullfrog barely misses you. The scorpion stings you.
* * * LOW HITPOINT WARNING * * *
The bullfrog hits you.
* * * LOW HITPOINT WARNING * * *
You puncture the scorpion!
You kill the scorpion!
Training target 5.0 for Charms reached!
Your Polearms skill increases to level 6!
Your Charms skill increases to level 5!
The bullfrog barely misses you.
You hit the ice beast but do no damage.
You feel sick. The bullfrog misses you. The ice beast hits you.
* * * LOW HITPOINT WARNING * * *
The ice beast freezes you.
* * * LOW HITPOINT WARNING * * *
The bullfrog barely misses you.
An orc comes into view.
The orc shouts!
You puncture the ice beast!
You feel sick. The bullfrog barely misses you.
The ice beast hits you but does no damage.
Unknown command.
Your skin stops crawling.
A giant cockroach comes into view.
The bullfrog hits you.
* * * LOW HITPOINT WARNING * * *
Unknown command.
It was a potion of curing.
You feel better. The bullfrog hits you.
* * * LOW HITPOINT WARNING * * *
The ice beast hits you.
* * * LOW HITPOINT WARNING * * *
The ice beast freezes you!
You die...

#### ... ### #.#### ..
# #..).## .# #..
#..@F.##.#
#....######.#Y....#
#..)..)(.)##...#
#..)..##..###..#
#...#..##..# #{.s.....
#..##..##...###.#.....
.... #.......# {# ....
..## #.##..... {# ...
. #.#..#.... .# ..


You could see an ice beast, a bullfrog and a giant cockroach.

Vanquished Creatures
  Sigmund (D:2)
  An ogre (D:5)
  A centaur (D:5)
  A scorpion (D:5)
  A howler monkey (D:5)
  3 orc priests
  2 hounds
  Terence (D:2)
  An orc wizard (D:3)
  A worker ant (D:4)
  7 adders
  An ooze (D:4)
  A worm (D:3)
  2 dart slugs (D:2)
  4 leopard geckos
  3 orcs
  4 giant cockroaches
  7 goblins
  5 hobgoblins
  5 jackals (D:1)
  A ball python skeleton (D:4)
  7 bats
  3 frilled lizards
  5 kobolds
  2 quokka skeletons (D:5)
  7 rats
77 creatures vanquished.

Vanquished Creatures (others)
  A spectral weapon (D:5)
1 creature vanquished.

Grand Total: 78 creatures vanquished

Notes
Turn   | Place    | Note
-------+----------+-------------------------------------------
     0 | D:1      | LostNumber the Formicid Skald began the quest for the Orb.
     0 | D:1      | Reached XP level 1. HP: 16/16 MP: 3/3
   356 | D:1      | Reached XP level 2. HP: 11/23 MP: 0/5
   790 | D:1      | Reached XP level 3. HP: 12/28 MP: 0/6
   962 | D:1      | Learned a level 2 spell: Shroud of Golubria
  1290 | D:1      | Learned a level 3 spell: Regeneration
  1448 | D:2      | Reached skill level 3 in Polearms
  1705 | D:2      | Reached XP level 4. HP: 33/34 MP: 3/7
  1714 | D:2      | Noticed Sigmund
  1754 | D:2      | Killed Sigmund
  1754 | D:2      | Reached skill level 4 in Polearms
  1754 | D:2      | Reached XP level 5. HP: 27/42 MP: 0/8
  1754 | D:2      | Reached XP level 6. HP: 31/48 MP: 0/9
  1893 | D:2      | Found a shadowy altar of Dithmenos.
  2045 | D:2      | Noticed Terence
  2053 | D:2      | Killed Terence
  2058 | D:2      | Learned a level 3 spell: Spectral Weapon
  2635 | D:3      | Reached skill level 5 in Polearms
  2665 | D:3      | Reached XP level 7. HP: 12/54 MP: 0/10
  3215 | D:4      | Found an ornate altar of the Wu Jian Council.
  3487 | D:4      | You fall through a shaft!
  3487 | D:5      | Entered Level 5 of the Dungeon
  3604 | D:5      | Reached XP level 8. HP: 26/61 MP: 5/12
  3610 | D:5      | Reached skill level 6 in Polearms
  3610 | D:5      | Reached skill level 5 in Charms
  3614 | D:5      | Slain by an ice beast

Skill      XL: |  1  2  3  4  5  6  7  8 |
---------------+-------------------------+-----
Polearms       | 3 4 5 6 |  6.0
Fighting       | 3 4 |  4.9
Charms         | 4 5 |  5.0
Armour         | |  1.1
Dodging        | |  1.7
Spellcasting   | |  2.9

Action                   |  1- 3 |  4- 6 |  7- 9 || total
-------------------------+-------+-------+-------++-------
Melee: Spear             |   103 |   162 |       ||   265
       Trident           |       |       |    72 ||    72
 Cast: Infusion          |     6 |     8 |       ||    14
       Regeneration      |       |     2 |     7 ||     9
       Spectral Weapon   |       |     2 |     2 ||     4
 Abil: Shaft Self        |       |       |     1 ||     1
  Use: Potion            |       |       |     5 ||     5
  Eat: Chunk             |     3 |     3 |     3 ||     9
       Ration            |       |       |     1 ||     1
Armor: Leather armour    |    20 |    25 |    11 ||    56
Dodge: Dodged            |    48 |    70 |    55 ||   173
